 Dungeon Crawl Stone Soup version 0.16.1 (webtiles) character file.

422 Zapata the Cudgeler (level 7, -4/61 HPs)
             Began as a Kobold Berserker on Mar 23, 2015.
             Was a Priest of Trog.
             Killed by nerve-wracking pain
             ... invoked by Grinder
              (6 damage)
             ... on level 3 of the Dungeon.
             The game lasted 00:05:53 (3909 turns).

Zapata the Cudgeler (Kobold Berserker)              Turns: 3909, Time: 00:05:54

Health: -4/61      AC:  4    Str: 20    XL:     7   Next: 17%
Magic:  7/7        EV: 15    Int:  5    God:    Trog [***...]
Gold:   133        SH:  0    Dex: 18    Spells: 0 memorised, 6 levels left

rFire  + . .     SeeInvis .     a - +2 mace (crush)
rCold  . . .     Clarity  .     b - +0 animal skin
rNeg   . . .     SustAb   .     (no shield)
rPois  .         Gourm    .     d - +2 hat
rElec  .         Spirit   .     (no cloak)
rCorr  .         Warding  .     (no gloves)
rMut   .         Stasis   .     (no boots)
MR     .....                    (no amulet)
Stlth  ..........               u - ring of stealth
                                o - ring of protection from fire

@: berserking, very quick, not resistant to hostile enchantments, extremely
unstealthy
A: carnivore 3
a: Burn Spellbooks, Berserk, Trog's Hand, Renounce Religion


You were on level 3 of the Dungeon.
You worshipped Trog.
Trog was most pleased with you.
You were very full.

You visited 1 branch of the dungeon, and saw 3 of its levels.

You collected 133 gold pieces.

Inventory:

Hand weapons
 a - a +2 mace of crushing (weapon)
 t - a +0 flail of draining
Missiles
 e - 102 stones (quivered)
Armour
 b - a +0 animal skin (worn)
 d - a +2 hat (worn)
 p - a cursed +0 plate armour
Jewellery
 o - a ring of protection from fire (left hand)
 u - a ring of stealth (right hand)
Magical devices
 q - a wand of fireball (2)
Scrolls
 f - 2 scrolls of recharging {unknown}
 h - 2 scrolls of fog
 i - 2 scrolls of amnesia {unknown}
 l - a scroll of immolation {unknown}
 m - a scroll of noise {unknown}
 n - 2 scrolls of remove curse {unknown}
 r - a scroll of enchant armour {unknown}
 s - a scroll of enchant weapon {unknown}
 v - a scroll of identify
Potions
 g - a potion of restore abilities
 j - a potion of ambrosia {unknown}
 k - a potion of lignification {unknown}
Comestibles
 c - 2 meat rations


   Skills:
 - Level 3.2 Fighting
 + Level 7.4 Maces & Flails
 - Level 1.5 Armour
 - Level 2.4 Dodging
 + Level 2.0 Stealth


You had 6 spell levels left.
You didn't know any spells.

Dungeon Overview and Level Annotations

Branches:
Dungeon (3/15)

Altars:
Ashenzari
Dithmenos
Fedhas
Nemelex Xobeh
Zin
The Shining One

Annotations:
D:3 Grinder


Innate Abilities, Weirdness & Mutations

You are small and have problems with some larger weapons.
You are carnivorous and can eat meat at any time.


Message History

Something completely misses you. Something hits you.
You writhe in agony.
Something hits you.
You writhe in agony.
You writhe in agony.
Something hits you.
* * * LOW HITPOINT WARNING * * *
You writhe in agony. x2
You can move again.
Huge Dmg: -36%(-15hp) hp: 25%(10hp) Use which ability? (? or * to list)
A red film seems to cover your vision as you go berserk!
You feel yourself moving faster!
You feel mighty!
You feel quite a bit less full.
Something tries to affect you, but you resist.
You hit something. Something hits you!
* * * LOW HITPOINT WARNING * * *
You writhe in agony.
* * * LOW HITPOINT WARNING * * *
Huge Dmg: -21%(-13hp) hp: 4%(2hp)
You miss something. Pain shoots through your body!
You die...

##################.###
#####.....................
#.....#########.########..
#.##### #.# #.# . #.# #.#
#.# ..# #)# ######@# #.#
..# ##.# #......# #.# ...
...# #.###### #.# #.# .###
#.# ###########.#####.# .#
#.# #.........#.....<.#
.## #.#
#.##...).......)..# ..###
#.# #.##.####.........#
....# #)###.##.#
#.#####.[..
.##.#######.##.#.#.# #.#
#.).#


There were no monsters in sight!

Vanquished Creatures
  The ghost of Edirash the Slinger, an average HaHu (D:3)
  Sigmund (D:3)
  2 orc wizards (D:3)
  Jessica (D:2)
  Terence (D:3)
  Robin (D:3)
  4 adders
  A giant mite (D:3)
  2 worms (D:2)
  2 giant geckos
  An ooze (D:2)
  5 orcs (D:3)
  10 bats
  3 giant cockroaches
  14 hobgoblins
  2 jackals (D:2)
  9 kobolds
  2 quokkas
  4 giant newts
  11 goblins
  3 rats
80 creatures vanquished.

Notes
Turn   | Place    | Note
--------------------------------------------------------------
     0 | D:1      | Zapata, the Kobold Berserker, began the quest for the Orb.
     0 | D:1      | Reached XP level 1. HP: 14/14 MP: 1/1
   159 | D:1      | Reached XP level 2. HP: 19/19 MP: 2/2
   720 | D:2      | Found a glowing silver altar of Zin.
   728 | D:2      | Found a shattered altar of Ashenzari.
   732 | D:2      | Found a sparkling altar of Nemelex Xobeh.
   739 | D:2      | Acquired Trog's second power
   739 | D:2      | Reached skill level 4 in Maces & Flails
   739 | D:2      | Reached XP level 3. HP: 13/23 MP: 3/3
   893 | D:2      | Found a shadowy altar of Dithmenos.
   893 | D:2      | Found a blossoming altar of Fedhas.
   894 | D:2      | Found a glowing golden altar of the Shining One.
  1297 | D:2      | Reached XP level 4. HP: 28/28 MP: 4/4
  1458 | D:2      | Noticed Jessica
  1463 | D:2      | Killed Jessica
  1463 | D:2      | Reached skill level 5 in Maces & Flails
  1836 | D:3      | Noticed Sigmund
  1837 | D:3      | Noticed Robin
  1851 | D:3      | Reached XP level 5. HP: 32/32 MP: 5/5
  2163 | D:3      | Killed Sigmund
  2163 | D:3      | Reached skill level 6 in Maces & Flails
  2625 | D:3      | Killed Robin
  2625 | D:3      | Reached XP level 6. HP: 37/37 MP: 6/6
  3224 | D:3      | Noticed Edirash's ghost (average HaHu)
  3230 | D:3      | Killed Edirash's ghost
  3230 | D:3      | Reached skill level 7 in Maces & Flails
  3597 | D:3      | Reached skill level 1 in Stealth
  3597 | D:3      | Reached XP level 7. HP: 41/41 MP: 7/7
  3850 | D:3      | Noticed Terence
  3857 | D:3      | Killed Terence
  3886 | D:3      | Noticed Grinder
  3894 | D:3      | Paralysed by something for 4 turns
  3902 | D:3      | Paralysed by something for 5 turns
  3908 | D:3      | HP: 2/61 [something (2)]
  3909 | D:3      | Killed from afar by Grinder

Action                   |  1- 3 |  4- 6 |  7- 9 || total
-------------------------+-------+-------+-------++-------
Melee: Mace              |   101 |    93 |    21 ||   215
Invok: Berserk           |     3 |     8 |     1 ||    12
       Trog's Hand       |       |     1 |       ||     1
  Use: Scroll            |     3 |     1 |       ||     4
 Stab: Distracted        |     1 |       |       ||     1
       Sleeping          |       |       |     2 ||     2
  Eat: Chunk             |     7 |    10 |     5 ||    22
       Meat ration       |       |     1 |       ||     1
